[ AOE2 MATCH · #505286625 ]
UnrankedDravidians vs Persians
Player's team · LOSS
Rival team · WIN
[ REPLAY ANALYSIS · EXTRACTED FROM THE RECORDED GAME ]
Feudal
9:24
Castle
—
Imperial
—
| APM avg | 42.6 |
| APM peak | 88 |
| eAPM avg | 21.5 |
| Villagers / military | 35 / 15 |
Focus
⚔️ 40.5% · 🌾 59.5%
Archer ×6 · Skirmisher ×5 · Militia ×4
Feudal
10:00
Castle
—
Imperial
—
| APM avg | 71.5 |
| APM peak | 100 |
| eAPM avg | 25.9 |
| Villagers / military | 53 / 21 |
Focus
⚔️ 35.1% · 🌾 64.9%
Skirmisher ×11 · Militia ×5 · Scout Cavalry ×5
Match map
Initial resources + every placement click. Lines = walls · curves = elevation contours. ◆ gold · ⬟ stone · ● berries · ✦ relic · ◌ wall gap
Your base· Open — unwalled flank
CNZS_Donghaidi's base· Open — 5t gap
Smoothed initial terrain · ◌ = detected wall gap · hover for details
Inputs per minute
— Mununez - - CNZS_Donghaidi
Build order — Mununez
126 actions detected in the replay
| 0:00 | Create | Villager (Male) |
| 0:01 | Create | Villager (Male) |
| 0:02 | Build | House |
| 0:04 | Build | House |
| 0:10 | Create | Villager (Male) |
| 0:41 | Create | Villager (Male) |
| 1:30 | Create | Villager (Male) |
| 1:54 | Build | Lumber Camp |
| 2:01 | Create | Villager (Male) |
| 2:16 | Create | Villager (Male) |
| 2:50 | Create | Villager (Male) |
| 3:14 | Create | Villager (Male) |
| 3:30 | Build | House |
| 3:44 | Create | Villager (Male) |
| 3:56 | Build | House |
| 4:08 | Create | Villager (Male) |
| 4:29 | Build | Mill |
| 4:32 | Create | Villager (Male) |
| 4:56 | Create | Villager (Male) |
| 5:21 | Create | Villager (Male) |
| 5:41 | Build | Palisade Wall |
| 5:43 | Build | Palisade Wall |
| 5:43 | Build | Palisade Wall |
| 5:48 | Build | Palisade Wall |
| 5:50 | Build | Palisade Wall |
| 5:51 | Build | Palisade Wall |
| 5:52 | Create | Villager (Male) |
| 5:56 | Build | Palisade Wall |
| 5:58 | Build | Palisade Wall |
| 6:08 | Build | Palisade Wall |
| 6:12 | Create | Villager (Male) |
| 6:41 | Create | Villager (Male) |
| 6:43 | Research | Loom |
| 7:04 | Build | Barracks |
| 7:14 | Research | Feudal Age |
| 7:52 | Create | Militia |
| 7:53 | Create | Militia |
| 7:53 | Create | Militia |
| 8:23 | Create | Militia |
| 8:47 | Build | Mill |
| 8:50 | Build | House |
| 9:05 | Create | Villager (Male) |
| 9:24 | Age | Feudal Age |
| 9:25 | Build | Lumber Camp |
| 9:27 | Research | Man-at-Arms (upgrade) |
| 9:30 | Research | Double-Bit Axe |
| 9:49 | Create | Villager (Male) |
| 10:12 | Create | Villager (Male) |
| 10:29 | Build | Archery Range |
| 10:33 | Build | Archery Range |
| 10:41 | Create | Villager (Male) |
| 11:00 | Create | Villager (Male) |
| 11:15 | Build | House |
| 11:17 | Build | Palisade Wall |
| 11:23 | Build | Palisade Wall |
| 11:24 | Build | House |
| 11:34 | Research | Town Watch |
| 11:54 | Research | Arson |
| 12:04 | Build | Palisade Wall |
| 12:13 | Create | Villager (Male) |
| 12:16 | Build | Farm |
| 12:17 | Build | Farm |
| 12:26 | Build | House |
| 12:38 | Build | Palisade Wall |
| 12:40 | Create | Villager (Male) |
| 12:42 | Build | Farm |
| 12:42 | Build | Farm |
| 12:43 | Build | Farm |
| 12:43 | Build | Farm |
| 13:03 | Create | Villager (Male) |
| 13:11 | Build | Palisade Wall |
| 13:13 | Create | Skirmisher |
| 13:36 | Create | Villager (Male) |
| 13:39 | Create | Skirmisher |
| 13:43 | Build | Palisade Wall |
| 13:51 | Build | Mining Camp |
| 14:03 | Create | Villager (Male) |
| 14:06 | Create | Skirmisher |
| 14:10 | Build | House |
| 14:23 | Create | Villager (Male) |
| 14:25 | Create | Skirmisher |
| 14:31 | Build | House |
| 14:33 | Build | Palisade Wall |
| 14:44 | Create | Skirmisher |
| 14:45 | Create | Villager (Male) |
| 14:53 | Research | Wheelbarrow |
| 15:15 | Build | Farm |
| 15:17 | Build | Farm |
| 15:18 | Build | Farm |
| 15:20 | Create | Villager (Male) |
| 15:25 | Create | Archer |
| 15:40 | Build | Palisade Wall |
| 15:43 | Build | Palisade Wall |
| 15:44 | Build | Palisade Wall |
| 15:51 | Build | Palisade Wall |
| 15:52 | Build | Palisade Wall |
| 15:54 | Build | Palisade Wall |
| 16:02 | Create | Villager (Male) |
| 16:03 | Build | Palisade Wall |
| 16:11 | Build | Palisade Wall |
| 16:13 | Build | Farm |
| 16:15 | Build | Farm |
| 16:16 | Build | Farm |
| 16:17 | Create | Villager (Male) |
| 16:23 | Create | Archer |
| 16:23 | Create | Archer |
| 16:44 | Build | Palisade Wall |
| 16:47 | Build | Farm |
| 16:48 | Create | Villager (Male) |
| 17:00 | Create | Villager (Male) |
| 17:06 | Create | Archer |
| 17:16 | Build | House |
| 17:18 | Build | Palisade Wall |
| 17:26 | Build | House |
| 17:31 | Create | Archer |
| 17:35 | Build | Farm |
| 17:39 | Build | House |
| 17:45 | Create | Villager (Male) |
| 18:13 | Build | Blacksmith |
| 18:28 | Build | House |
| 18:31 | Create | Archer |
| 18:34 | Build | Palisade Wall |
| 18:37 | Build | House |
| 18:39 | Build | Palisade Wall |
| 18:43 | Build | Palisade Wall |
| 18:48 | Build | Palisade Wall |
Build order — CNZS_Donghaidi
129 actions detected in the replay
| 0:00 | Create | Villager (Male) |
| 0:00 | Create | Villager (Male) |
| 0:01 | Create | Villager (Male) |
| 0:01 | Create | Villager (Male) |
| 0:02 | Build | House |
| 0:02 | Build | House |
| 0:11 | Create | Villager (Male) |
| 0:11 | Create | Villager (Male) |
| 1:20 | Create | Villager (Male) |
| 1:20 | Create | Villager (Male) |
| 1:42 | Build | Lumber Camp |
| 1:59 | Create | Villager (Male) |
| 1:59 | Create | Villager (Male) |
| 2:16 | Create | Villager (Male) |
| 2:44 | Create | Villager (Male) |
| 2:44 | Create | Villager (Male) |
| 3:04 | Create | Villager (Male) |
| 3:04 | Create | Villager (Male) |
| 3:09 | Build | House |
| 3:31 | Create | Villager (Male) |
| 3:31 | Create | Villager (Male) |
| 3:40 | Build | House |
| 3:50 | Build | Barracks |
| 3:52 | Create | Villager (Male) |
| 4:39 | Create | Villager (Male) |
| 4:41 | Build | House |
| 4:47 | Create | Militia |
| 5:05 | Create | Militia |
| 5:10 | Create | Villager (Male) |
| 5:10 | Create | Villager (Male) |
| 5:27 | Create | Villager (Male) |
| 5:51 | Create | Villager (Male) |
| 5:56 | Build | Mill |
| 6:11 | Create | Villager (Male) |
| 6:38 | Create | Villager (Male) |
| 7:04 | Create | Villager (Male) |
| 7:19 | Build | House |
| 7:29 | Research | Loom |
| 7:44 | Build | Mining Camp |
| 7:56 | Research | Feudal Age |
| 7:56 | Research | Feudal Age |
| 8:35 | Build | Lumber Camp |
| 8:47 | Create | Militia |
| 9:00 | Build | Mill |
| 9:16 | Create | Militia |
| 9:16 | Create | Militia |
| 9:20 | Build | House |
| 9:25 | Build | Palisade Wall |
| 9:36 | Create | Villager (Male) |
| 9:37 | Build | Farm |
| 10:00 | Age | Feudal Age |
| 10:24 | Build | Palisade Wall |
| 10:25 | Research | Man-at-Arms (upgrade) |
| 10:27 | Create | Villager (Male) |
| 10:34 | Create | Villager (Male) |
| 10:43 | Build | Archery Range |
| 10:44 | Build | House |
| 10:51 | Build | Palisade Wall |
| 10:52 | Build | Palisade Wall |
| 10:53 | Build | House |
| 10:56 | Build | House |
| 11:00 | Build | House |
| 11:03 | Build | Palisade Wall |
| 11:10 | Create | Villager (Male) |
| 11:20 | Build | House |
| 11:21 | Build | House |
| 11:28 | Create | Villager (Male) |
| 11:40 | Build | Archery Range |
| 11:59 | Create | Villager (Male) |
| 12:13 | Build | Watch Tower |
| 12:17 | Build | Watch Tower |
| 12:22 | Build | Farm |
| 12:23 | Build | Farm |
| 12:24 | Build | Farm |
| 12:29 | Create | Villager (Male) |
| 12:29 | Create | Villager (Male) |
| 12:44 | Build | Farm |
| 13:04 | Build | Farm |
| 13:05 | Create | Villager (Male) |
| 13:10 | Create | Skirmisher |
| 13:12 | Build | Farm |
| 13:49 | Create | Villager (Male) |
| 13:57 | Create | Villager (Male) |
| 13:57 | Create | Villager (Male) |
| 13:58 | Create | Skirmisher |
| 13:58 | Create | Skirmisher |
| 13:58 | Create | Skirmisher |
| 14:13 | Create | Villager (Male) |
| 14:20 | Create | Skirmisher |
| 14:22 | Build | Farm |
| 14:27 | Build | Farm |
| 14:28 | Build | Farm |
| 14:38 | Create | Villager (Male) |
| 14:55 | Create | Skirmisher |
| 15:02 | Create | Villager (Male) |
| 15:12 | Create | Villager (Male) |
| 15:15 | Build | Stable |
| 15:18 | Create | Skirmisher |
| 15:38 | Create | Villager (Male) |
| 15:42 | Build | Farm |
| 15:51 | Create | Skirmisher |
| 16:03 | Create | Villager (Male) |
| 16:08 | Create | Skirmisher |
| 16:10 | Create | Villager (Male) |
| 16:17 | Create | Scout Cavalry |
| 16:19 | Build | Farm |
| 16:20 | Build | Farm |
| 16:22 | Build | Farm |
| 16:40 | Create | Villager (Male) |
| 16:48 | Create | Scout Cavalry |
| 16:51 | Create | Skirmisher |
| 16:57 | Create | Villager (Male) |
| 17:01 | Build | Farm |
| 17:01 | Build | Farm |
| 17:11 | Create | Villager (Male) |
| 17:11 | Create | Villager (Male) |
| 17:18 | Research | Double-Bit Axe |
| 17:28 | Create | Scout Cavalry |
| 17:29 | Create | Scout Cavalry |
| 17:37 | Build | Farm |
| 18:04 | Create | Villager (Male) |
| 18:07 | Create | Scout Cavalry |
| 18:10 | Build | Blacksmith |
| 18:12 | Build | Farm |
| 18:15 | Create | Villager (Male) |
| 18:17 | Create | Villager (Male) |
| 18:23 | Create | Skirmisher |
| 18:27 | Build | Farm |
| 18:48 | Create | Villager (Male) |
Match timeline
| 3:50 | CNZS_Donghaidi · first_building Barracks |
| 5:41 | Mununez · wall_segment Palisade Wall x1 |
| 5:43 | Mununez · wall_segment Palisade Wall x1 |
| 5:43 | Mununez · wall_segment Palisade Wall x1 |
| 5:48 | Mununez · wall_segment Palisade Wall x1 |
| 5:50 | Mununez · wall_segment Palisade Wall x1 |
| 5:51 | Mununez · wall_segment Palisade Wall x1 |
| 5:56 | Mununez · wall_segment Palisade Wall x1 |
| 5:58 | Mununez · wall_segment Palisade Wall x1 |
| 6:08 | Mununez · wall_segment Palisade Wall x1 |
| 7:04 | Mununez · first_building Barracks |
| 9:24 | Mununez · age_up feudal |
| 9:25 | CNZS_Donghaidi · wall_segment Palisade Wall x1 |
| 10:00 | CNZS_Donghaidi · age_up feudal |
| 10:24 | CNZS_Donghaidi · wall_segment Palisade Wall x1 |
| 10:29 | Mununez · first_building Archery Range |
| 10:43 | CNZS_Donghaidi · first_building Archery Range |
| 10:51 | CNZS_Donghaidi · wall_segment Palisade Wall x1 |
| 10:52 | CNZS_Donghaidi · wall_segment Palisade Wall x1 |
| 11:03 | CNZS_Donghaidi · wall_segment Palisade Wall x1 |
| 11:17 | Mununez · wall_segment Palisade Wall x1 |
| 11:23 | Mununez · wall_segment Palisade Wall x1 |
| 12:04 | Mununez · wall_segment Palisade Wall x1 |
| 12:38 | Mununez · wall_segment Palisade Wall x1 |
| 13:11 | Mununez · wall_segment Palisade Wall x1 |
| 13:43 | Mununez · wall_segment Palisade Wall x1 |
| 14:33 | Mununez · wall_segment Palisade Wall x1 |
| 15:15 | CNZS_Donghaidi · first_building Stable |
| 15:40 | Mununez · wall_segment Palisade Wall x1 |
| 15:43 | Mununez · wall_segment Palisade Wall x4 |
| 15:44 | Mununez · wall_segment Palisade Wall x5 |
| 15:51 | Mununez · wall_segment Palisade Wall x1 |
| 15:52 | Mununez · wall_segment Palisade Wall x1 |
| 15:54 | Mununez · wall_segment Palisade Wall x1 |
| 16:03 | Mununez · wall_segment Palisade Wall x1 |
| 16:11 | Mununez · wall_segment Palisade Wall x1 |
| 16:44 | Mununez · wall_segment Palisade Wall x11 |
| 17:18 | Mununez · wall_segment Palisade Wall x3 |
| 18:34 | Mununez · wall_segment Palisade Wall x1 |
| 18:39 | Mununez · wall_segment Palisade Wall x1 |
| 18:43 | Mununez · wall_segment Palisade Wall x1 |
| 18:48 | Mununez · wall_segment Palisade Wall x1 |
| 18:53 | Mununez · resign |
[ AI ANALYSIS · 1 CREDIT ]
What really happened in this match?
Wolo.gg analyzes every decision: build order, eco, micro, common mistakes by bracket. Personalized analysis on WhatsApp or Discord in 30 seconds.
Civ guide
Dravidians
Perfil
Jugador #3444509